 Dungeon Crawl Stone Soup version 0.23.1-37-gaa34b87b72 (webtiles) character file.

Game seed: 4812594581970649283

429 PentaManta the Shield-Bearer (level 7, -15/55 HPs)
             Began as a Formicid Fighter on Mar 22, 2019.
             Was an Initiate of Okawaru.
             Demolished by an ogre
             ... wielding a +0 giant club
              (19 damage)
             ... on level 4 of the Dungeon.
             The game lasted 00:08:02 (3978 turns).

PentaManta the Shield-Bearer (Formicid Fighter)     Turns: 3978, Time: 00:08:02

Health: -15/55     AC:  7    Str: 27    XL:     7   Next: 19%
Magic:  7/7        EV: 10    Int:  8    God:    Okawaru [......]
Gold:   128        SH:  0    Dex: 10    Spells: 6/6 levels left

rFire    . . .     SeeInvis +   a - +0 war axe
rCold    . . .     Gourm    .   (no shield)
rNeg     . . .     Faith    .   b - +0 scale mail
rPois    .         Spirit   .   (helmet unavailable)
rElec    .         Reflect  .   (no cloak)
rCorr    .         Harm     .   (no gloves)
MR       .....                  (no boots)
Stlth    ..........             (no amulet)
HPRegen  0.18/turn              (no ring)
MPRegen  0.10/turn              (no ring)

@: mighty
A: permanent stasis, dig shafts and tunnels, four strong arms, antennae 3
a: Dig, Shaft Self, Renounce Religion


You were on level 4 of the Dungeon.
You worshipped Okawaru.
Okawaru was noncommittal.
You were not hungry.

You visited 1 branch of the dungeon, and saw 4 of its levels.

You collected 128 gold pieces.

Inventory:

Hand Weapons
 a - a +0 war axe (weapon)
 m - a +0 hunting sling
Missiles
 n - 73 stones (quivered)
Armour
 b - a +0 scale mail (worn)
 c - a +0 shield
Jewellery
 o - an uncursed amulet of rage {unknown}
Wands
 l - a wand of random effects (13)
 p - a wand of digging (5)
Scrolls
 h - 2 scrolls of amnesia
 q - a scroll of magic mapping
 r - a scroll of identify {unknown}
Potions
 d - a potion of might
 g - a potion of degeneration {unknown}
 i - a potion of heal wounds {unknown}
 j - a potion of flight {unknown}
Comestibles
 f - 4 rations


   Skills:
 + Level 4.7 Fighting
 + Level 3.6 Axes
 + Level 4.7 Armour
 * Level 6.3 Shields


You had 6 spell levels left.
You didn't know any spells.
Your spell library was empty.

Dungeon Overview and Level Annotations

Branches:
Dungeon (4/15)
 Temple: D:4-7

Altars:
Okawaru


Innate Abilities, Weirdness & Mutations

You cannot be hasted, slowed, berserked, paralysed or teleported.
You can dig through walls and to a lower floor.
Your four strong arms can wield two-handed weapons with a shield.
You have a pair of large antennae on your head. (SInv)


Message History

You hear the slow hiss of a distant avalanche of sand.
You sense a monster nearby.
Found 20 stones.
Found a stone staircase leading up.
An ogre comes into view. It is wielding a +0 giant club.
The ogre shouts!
The ogre hits you with a +0 giant club!!
You slash the ogre!
The ogre is moderately wounded.
The ogre hits you with a +0 giant club!!
* * * LOW HITPOINT WARNING * * *
There is a stone staircase leading up here.
Found a falchion and a club.
Okay, then.
You feel very mighty all of a sudden. The ogre hits you with a +0 giant club!
* * * LOW HITPOINT WARNING * * *
You barely miss the ogre.
The ogre is moderately wounded.
The ogre hits you with a +0 giant club!!
You die...

*********,****,,,,,** **,*,,,,**
,,,*,,,**,* **,,,** *,,,,,,,,,
,>,*,>,**,* *#+#* *,,,,,,,,,
,,,*,,,**** #.# *,,,,,,,,,
*******+,* #.# **,*,,,,** *
*****,,*######.## *,*,,,,*
***,*,**,##...#...######*,,,,,,*
,,,,*>,,,...............,,,,****
***,****,*#))...@.#**********
*,* *,*######O## *,****,* #.#
*,,,,,,* #.# ******** #.# #.#
#.# *****######.##### ###****
*,,,............# #..,,,,


You could see an ogre.

Vanquished Creatures
  Grinder (D:3)
  Jessica (D:2)
  Natasha (thrice) (D:2)
  7 adders
  2 worms
  A dart slug (D:3)
  A leopard gecko (D:2)
  4 orcs (D:3)
  4 giant cockroaches
  11 goblins
  6 hobgoblins
  8 jackals
  A quokka (D:2)
  3 ball pythons
  5 bats
  A frilled lizard (D:3)
  9 kobolds
  6 rats
74 creatures vanquished.

Notes
Turn   | Place    | Note
-------+----------+-------------------------------------------
     0 | D:1      | PentaManta the Formicid Fighter began the quest for the
                  | Orb.
     0 | D:1      | Reached XP level 1. HP: 18/18 MP: 1/1
   350 | D:1      | Reached XP level 2. HP: 23/24 MP: 2/2
   557 | D:1      | Reached skill level 4 in Shields
   813 | D:1      | Reached XP level 3. HP: 28/29 MP: 3/3
  1168 | D:2      | Reached XP level 4. HP: 33/37 MP: 4/4
  1227 | D:2      | Found an iron altar of Okawaru.
  1273 | D:2      | Became a worshipper of Warmaster Okawaru
  1276 | D:2      | Noticed Jessica
  1320 | D:2      | Killed Jessica
  1352 | D:2      | Reached XP level 5. HP: 35/42 MP: 5/5
  1796 | D:3      | Noticed Natasha
  1863 | D:2      | Killed Natasha
  1863 | D:2      | Reached skill level 5 in Shields
  1871 | D:2      | Noticed Natasha
  1878 | D:2      | Killed Natasha
  2257 | D:2      | Noticed Natasha
  2270 | D:2      | Killed Natasha
  2353 | D:3      | Reached XP level 6. HP: 26/48 MP: 6/6
  2788 | D:3      | Noticed Grinder
  2807 | D:3      | Killed Grinder
  2807 | D:3      | Reached skill level 6 in Shields
  2807 | D:3      | Reached XP level 7. HP: 5/55 MP: 7/7
  3978 | D:4      | Demolished by an ogre

Skill      XL: |  1  2  3  4  5  6 |
---------------+-------------------+-----
Shields        | 4 5 6 |  6.3
Fighting       | 4 |  4.7
Armour         | 4 |  4.7
Axes           | 3 |  3.6

Action                   |  1- 3 |  4- 6 |  7- 9 || total
-------------------------+-------+-------+-------++-------
Melee: War axe           |    85 |   110 |    51 ||   246
  Use: Potion            |       |     2 |     1 ||     3
       Scroll            |       |       |     4 ||     4
  Eat: Chunk             |     1 |     2 |     1 ||     4
       Ration            |       |     1 |     1 ||     2
Armor: Scale mail        |    51 |    59 |    24 ||   134
Dodge: Dodged            |    62 |    76 |    31 ||   169
